 Dungeon Crawl Stone Soup version 0.20.1-1-g8b1a95d (webtiles) character file.

250 Peloso the Shield-Bearer (level 5, -4/49 HPs)
             Began as a Deep Dwarf Fighter on Aug 5, 2017.
             Slain by a gnoll
             ... wielding a +1 halberd of protection
              (6 damage)
             ... on level 3 of the Dungeon.
             The game lasted 00:07:18 (2903 turns).

Peloso the Shield-Bearer (Deep Dwarf Fighter)       Turns: 2903, Time: 00:07:19

Health: -4/49      AC: 14    Str: 21    XL:     5   Next: 88%
Magic:  0/5        EV:  4    Int:  8    God:
Gold:   143        SH: 10    Dex: 12    Spells: 4/4 levels left

rFire    . . .     SeeInvis .   a - +0 long sword
rCold    . . .     Gourm    .   c - +0 shield
rNeg     . . .     Faith    .   p - +0 plate armour
rPois    .         Spirit   +   t - +0 helmet
rElec    .         Reflect  .   (no cloak)
rCorr    .         Harm     .   (no gloves)
MR       .....                  m - +0 pair of boots
Stlth    ..........             y - amulet of guardian spirit (curse)
Regen    0.0/turn               (no ring)
MPRegen  0.1/turn               (no ring)

@: non-regenerating
A: damage resistance, heal wounds, sense surroundings 1, no regeneration
a: Heal Wounds


You were on level 3 of the Dungeon.
You were not hungry.

You visited 1 branch of the dungeon, and saw 4 of its levels.

You collected 143 gold pieces.

Inventory:

Hand Weapons
 a - a +0 long sword (weapon)
Armour
 c - a +0 shield (worn)
 m - a +0 pair of boots (worn)
 p - a +0 plate armour (worn)
 t - a +0 helmet (worn)
 v - a +0 chain mail
Jewellery
 y - a cursed amulet of guardian spirit (around neck)
Scrolls
 b - a scroll of magic mapping {unknown}
 h - 5 scrolls of teleportation {unknown}
 i - 2 scrolls of amnesia {unknown}
 k - 2 scrolls of enchant armour {unknown}
 l - a scroll of enchant weapon {unknown}
 q - 3 scrolls of remove curse {unknown}
 x - 3 scrolls of identify {unknown}
 A - a scroll of fog {unknown}
Potions
 e - 2 potions of brilliance {unknown}
 j - 3 potions of curing {unknown}
 n - 3 potions of lignification {unknown}
 r - a potion of mutation {unknown}
 u - a potion of haste {unknown}
 w - a potion of heal wounds {unknown}
 B - a potion of flight {unknown}
Comestibles
 d - 8 chunks of flesh
 f - 2 bread rations
 g - 5 fruits
 o - 3 meat rations
 s - 2 royal jellies


   Skills:
 + Level 3.6 Fighting
 + Level 3.9 Long Blades
 + Level 4.2 Armour
 + Level 1.3 Dodging
 + Level 4.4 Shields


You had 4 spell levels left.
You didn't know any spells.

Dungeon Overview and Level Annotations

Branches:
Dungeon (4/15)
 Temple: D:4-7

Altars:
Ashenzari
Ru


Innate Abilities, Weirdness & Mutations

You are resistant to damage.
You can heal yourself by infusing magical energy.
You passively map a small area around you.
You do not regenerate.


Message History

You block the gnoll's attack. The gnoll barely misses you.
Your plate armour prevents you from hitting the gnoll.
The gnoll is almost dead.
The gnoll hits you but does no damage. You block the gnoll's attack.
You closely miss the gnoll.
The gnoll is almost dead.
The gnoll hits you but does no damage.
The gnoll hits you with a halberd of protection.
* * * LOW HITPOINT WARNING * * *
You block the gnoll's attack.
Unknown command.
You closely miss the gnoll.
The gnoll is almost dead.
The gnoll hits you with a halberd of protection!
* * * LOW HITPOINT WARNING * * *
You block the gnoll's attack.
You hit the gnoll but do no damage.
The gnoll is almost dead.
The gnoll hits you with a halberd of protection!
You die...

....# #...# #.#.# ....#
#...###.#.# ....# #...'...#.#
....# #...#####.# ##### ###.#
#.# #.# #.######## #.#
#........# #.# ########.# #@#
#.# #g# #.# # #g# #.# #
#####.#### #.#
############.(...)..#########.#
.................>..'.........#
.######.####...##...###########
..# #.# ###.##...# #.# #.#
#.##...#


You could see 2 gnolls.

Vanquished Creatures
  The ghost of vlindergert the Shield-Bearer, a weakling MiFi (D:3)
  An orc priest (D:3)
  Terence (D:2)
  An orc wizard (D:3)
  2 gnolls (D:3)
  2 adders
  A worm (D:2)
  3 dart slugs
  6 orcs (D:3)
  A ball python (D:1)
  7 bats
  5 giant cockroaches
  6 goblins
  9 hobgoblins
  7 jackals
  2 quokkas
  3 frilled lizards
  5 kobolds
  5 rats
68 creatures vanquished.

Notes
Turn   | Place    | Note
-------+----------+-------------------------------------------
     0 | D:1      | Peloso the Deep Dwarf Fighter began the quest for the Orb.
     0 | D:1      | Reached XP level 1. HP: 20/20 MP: 1/1
   215 | D:1      | Reached XP level 2. HP: 27/27 MP: 2/2
   895 | D:1      | Reached XP level 3. HP: 31/34 MP: 3/3
  1228 | D:2      | Noticed Terence
  1241 | D:2      | Killed Terence
  1241 | D:2      | Reached skill level 1 in Dodging
  1241 | D:2      | Reached XP level 4. HP: 32/42 MP: 4/4
  1671 | D:2      | Found a shattered altar of Ashenzari.
  2294 | D:3      | Reached XP level 5. HP: 30/49 MP: 0/5
  2561 | D:3      | Noticed vlindergert's ghost (weakling MiFi)
  2575 | D:3      | Killed vlindergert's ghost
  2810 | D:4      | Found a sacrificial altar of Ru.
  2902 | D:3      | HP: 2/49 [gnoll/halberd of protection (5)]
  2903 | D:3      | Slain by a gnoll

Skill      XL: |  1  2  3  4  5 |
---------------+----------------+-----
Fighting       | 3 |  3.6
Dodging        | 1 |  1.3
Long Blades    | 3 |  3.9
Shields        | 4 |  4.4
Armour         | 4 |  4.2

Action                   |  1- 3 |  4- 6 || total
-------------------------+-------+-------++-------
Melee: Long sword        |   136 |   173 ||   309
 Abil: Heal Wounds       |       |     1 ||     1
  Use: Potion            |       |     1 ||     1
  Eat: Chunk             |     1 |     6 ||     7
Armor: Scale mail        |    89 |     6 ||    95
       Plate armour      |       |    86 ||    86
       Chain mail        |       |     6 ||     6
Dodge: Dodged            |    62 |    35 ||    97
Block: Shield            |    90 |    92 ||   182
       Rpst.: Long sword |    14 |    11 ||    25
